 Dungeon Crawl Stone Soup version 0.27.1-1-g398f81649c (webtiles) character file.

Game seed: 10663518151552535844

243 DearestLeader the Chiller (level 6, 0/42 HPs)
             Began as a Merfolk Ice Elementalist on Sept 17, 2021.
             Slain by Edmund (9 damage)
             ... on level 4 of the Dungeon on Sept 20, 2021.
             The game lasted 00:08:21 (4032 turns).

DearestLeader the Chiller (MfIE)                    Turns: 4032, Time: 00:08:21

Health: 0/42       AC:  4    Str:  9    XL:     6   Next: 9%
Magic:  2/9        EV: 13    Int: 15    God:
Gold:   139        SH:  0    Dex: 15    Spells: 2/9 levels left

rFire    . . .     SeeInvis .   g - +0 whip
rCold    . . .     Faith    .   (no shield)
rNeg     . . .     Spirit   .   a - +0 robe
rPois    .         Reflect  .   l - +0 helmet
rElec    .         Harm     .   b - +0 cloak
rCorr    .         Rampage  .   (no gloves)
Will     .....                  (no boots)
Stlth    ++........             (no amulet)
HPRegen  0.14/turn              (no ring)
MPRegen  0.11/turn              (no ring)

@: no status effects
A: (nimble swimmer 2), mertail
a: no special abilities


You were on level 4 of the Dungeon.
You visited 1 branch of the dungeon, and saw 4 of its levels.

You collected 139 gold pieces.

Inventory:

Hand Weapons
 c - a +0 dagger
 g - a +0 whip (weapon)
Armour
 a - a +0 robe (worn)
 b - a +0 cloak (worn)
 i - a +0 kite shield
 l - a +0 helmet (worn)
Magical Staves
 f - a staff of death
Jewellery
 h - an amulet of faith
Wands
 k - a wand of flame (17)
Scrolls
 d - 3 scrolls of identify
 e - 2 scrolls of holy word
 j - a scroll of noise
 m - a scroll of fog {unknown}
 n - a scroll of vulnerability {unknown}


   Skills:
 + Level 0.8 Fighting
 - Level 3.0 Dodging
 - Level 2.1 Stealth
 - Level 2.0 Spellcasting
 * Level 7.7 Ice Magic


You had 2 spell levels left.
You knew the following spells:

 Your Spells              Type           Power      Damage    Failure   Level
a - Freeze                Ice            96%        1d11      1%          1
b - Frozen Ramparts       Ice            48%        1d6       2%          3
c - Ozocubu's Armour      Ice            24%        N/A       2%          3

Your spell library contained the following spells:

 Spells                   Type           Power      Damage    Failure   Level
 Ensorcelled Hibernation  Hex/Ice        26%        N/A       7%          2
 Passwall                 Tmut/Erth      0%         N/A       32%         2
 Hailstorm                Conj/Ice       13%        3d5       41%         4
 Spider Form              Tmut/Pois      0%         N/A       54%         3
 Swiftness                Air            1%         N/A       54%         3
 Invisibility             Hex            0%         N/A       100%        6
 Shadow Creatures         Summ           N/A        N/A       100%        6


Dungeon Overview and Level Annotations

Branches:
Dungeon (4/15)
 Temple: D:4-7

Altars:
Makhleb

Shops:
D:4 (

Annotations:
D:4 Edmund


Innate Abilities, Weirdness & Mutations

((You are quick and stealthy near water. (Stealth+, EV+, Speed+++)))
Your lower body shifts to a powerful aquatic tail in water.


Message History

You freeze something.
The wall freezes something.
Something hits you.
Unknown command.
Casting: Freeze (safe; 1% risk of failure)
Confirm with . or Enter, or press ? or * to list all spells.
Aiming: Freeze (safe; 1% risk of failure)
Press: ? - help, Shift-Dir - straight line You freeze something.
The wall freezes something.
Something barely misses you.
The wall freezes the endoplasm.
Unknown command.
Casting: Freeze (safe; 1% risk of failure)
Confirm with . or Enter, or press ? or * to list all spells.
You don't have enough magic to cast this spell.
Your icy armour and frozen ramparts will break if you move.
Continue? [Y]es or [N]o only, please.
Your icy armour and frozen ramparts will break if you move.
Continue? [Y]es or [N]o only, please.
Your icy armour and frozen ramparts will break if you move.
Continue?
You hit something but do no damage.
The frozen ramparts melt away.
The endoplasm closely misses you. Something hits you but does no damage.
Your icy armour will break if you move.
Continue?
You hit something. Something barely misses you.
The endoplasm closely misses you.
Your icy armour will break if you move.
Continue?
You closely miss something. The endoplasm barely misses you.
Something hits you!
Your icy armour will break if you move.
Continue? [Y]es or [N]o only, please.
Your icy armour will break if you move.
Continue?
You hit something but do no damage. Something hits you.
The endoplasm freezes you.
You are frozen.
Unknown command.
Your icy armour will break if you move.
Continue?
Your icy armour cracks and falls away as you move.
You hear the slow hiss of an avalanche of sand nearby.
The jelly hits you.
You are splashed with acid!
* * * LOW HITPOINT WARNING * * *
There is an escape hatch in the ceiling here.
Something hits you!
You die...

.....>...##.###...#
..###....†......#
#....##....##
###.#....#..##.##.#
.$....JJ.#.........
#####......##...#.#
####.............#
##.........###.#...
.......@...<.# .#
#..###.......# #
... #...#.....# #
#...#........
#########.#..#
...## .## .#


You could see a jelly and an endoplasm.

Vanquished Creatures
  3 iron imps (D:3)
  A bullfrog skeleton (D:4)
  Terence (D:2)
  An adder (D:2)
  2 worms (D:3)
  2 dart slugs
  3 orcs (D:3)
  6 ball pythons
  8 endoplasms
  A giant cockroach (D:1)
  2 goblins
  4 hobgoblins
  21 jackals
  10 kobolds
  4 quokkas
  5 bats
  A frilled lizard (D:2)
  2 rats
77 creatures vanquished.

Notes
Turn   | Place    | Note
-------+----------+-------------------------------------------
     0 | D:1      | DearestLeader the Merfolk Ice Elementalist began the quest
                  | for the Orb.
     0 | D:1      | Reached XP level 1. HP: 13/13 MP: 3/3
   194 | D:1      | Reached XP level 2. HP: 19/19 MP: 5/5
   382 | D:1      | Reached skill level 5 in Ice Magic
   507 | D:1      | Reached XP level 3. HP: 12/24 MP: 0/6
   511 | D:1      | Learned a level 3 spell: Frozen Ramparts
   885 | D:1      | Found a faded altar of an unknown god.
  1561 | D:2      | Reached XP level 4. HP: 28/30 MP: 3/7
  1654 | D:2      | Reached skill level 6 in Ice Magic
  1700 | D:2      | Learned a level 3 spell: Ozocubu's Armour
  2153 | D:2      | Noticed Terence
  2591 | D:2      | Killed Terence
  2831 | D:3      | Found a burning altar of Makhleb.
  2851 | D:3      | Reached XP level 5. HP: 29/35 MP: 1/8
  2863 | D:3      | Reached skill level 7 in Ice Magic
  3941 | D:4      | Reached XP level 6. HP: 42/42 MP: 3/9
  3997 | D:4      | Found Arixzokk's Weapon Boutique.
  4005 | D:4      | Noticed Edmund
  4032 | D:4      | Slain by Edmund

Illustrated notes

Levels and vault maps discovered:
D:1:      dpeg_arrival_round_c, layout_basic, shapermc_ecumenical_altar_pompeii,
          minmay_misc_feat_columns, grunt_decor_junction
D:2:      layout_basic, uniq_terence
D:3:      layout_basic, demons_altar
D:4:      layout_rooms, fedhas_altar_3, enter_ossuary_5, serial_shops, shop,
          nicolae_shop_waterfront, uniq_edmund

Skill      XL: |  1  2  3  4  5 |
---------------+----------------+-----
Dodging        | 3 |  3.0
Ice Magic      | 5 6 7 |  7.7
Fighting       | |  0.8
Stealth        | |  2.1
Spellcasting   | |  2.0

Action                   |  1- 3 |  4- 6 || total
-------------------------+-------+-------++-------
Melee: Dagger            |    35 |       ||    35
       Whip              |     7 |   141 ||   148
 Cast: Freeze            |    33 |    19 ||    52
       Frozen Ramparts   |     3 |    14 ||    17
       Ozocubu's Armour  |       |     6 ||     6
  Use: Scroll            |       |     3 ||     3
       Potion            |       |     1 ||     1
 Stab: Sleeping          |     4 |     4 ||     8
       Distracted        |     1 |       ||     1
Armor: Robe              |    16 |    40 ||    56
Dodge: Dodged            |    48 |    88 ||   136
